 Dungeon Crawl Stone Soup version 0.31-a0-1540-g5a0b83f (webtiles) character file.

Game seed: 4160724663598442638

736635 RobotCleanerRider the Slayer (level 27, -16/169 HPs)
             Began as a Vine Stalker Fighter on Dec 26, 2023.
             Was the Champion of Wu Jian.
             Killed from afar by Moapeuxzo the pandemonium lord (89 damage)
             ... with a crystal spear
             ... in Pandemonium on Jan 1, 2024.
             The game lasted 04:36:45 (58701 turns).

RobotCleanerRider the Slayer (VSFi)                Turns: 58701, Time: 04:36:45

Health: -16/169    AC: 25    Str: 27      XL:     27
Magic:  0/40       EV: 28    Int: 17 (18) God:    Wu Jian [******]
Gold:   6647       SH: 33    Dex: 29      Spells: 25/50 levels left

rFire   + + +        b - +9 sacred scourge (holy)
rCold   + + +        R - +8 tower shield {AC+3}
rNeg    + + +        N - +2 scale mail "Geeph" {rN++ Will+ Dex+4}
rPois   +            P - +2 helmet {SInv}
rElec   +            i - scarf {rC+ rF+}
rCorr   +            c - +0 pair of fencer's gloves {Riposte Dex+3}
SInv    +            j - +2 pair of boots
Will    +++++        x - amulet "Vissill" {rN+ Regen+ Dex+4 Stlth+}
Stlth   ++           V - ring of Moodiness {rF++ rC+ SInv}
HPRegen 2.08/turn    X - ring of Eternity {^Contam rPois rC+++ rN+ Int+6}
MPRegen 0.27/turn

%: guardian spirit
@: resistant, marked, studying 2 skills
A: fangs 3, regeneration 1, magic shield, antimagic bite, no potion heal 2,
clever 1, cold resistance 1, deterioration 1, strong-willed 1, inability to
drink after injury 1, inability to read after injury 1
}: 6/15 runes: serpentine, barnacled, slimy, silver, abyssal, demonic
a: Renounce Religion, Wall Jump, Serpent's Lash, Heavenly Storm


You were in Pandemonium.
You worshipped Wu Jian.
Wu Jian was exalted by your worship.
You visited 11 branches of the dungeon, and saw 51 of its levels.
You visited Pandemonium 1 time, and saw 10 of its levels.
You visited the Abyss 3 times.
You visited 1 bazaar.
You also visited: Ice Cave.

You collected 10691 gold pieces.
You spent 4044 gold pieces at shops.

Inventory:

Hand Weapons
 a - a +9 demon whip of electrocution
 b - a +9 sacred scourge of holy wrath (weapon)
 G - the +8 whip of the Dripping Hero {drain, Str-2 Int+9 Dex+5}
   (You found it on level 7 of the Dungeon)

   Str-2:     It affects your strength (-2).
   Int+9:     It affects your intelligence (+9).
   Dex+5:     It affects your dexterity (+5).
 L - the +7 great mace "Firestarter" {flame, immolate, rFlCloud rF++}
   (You took it off a hell knight on level 5 of the Vaults)

   rFlCloud:  It grants immunity to clouds of flame.
   rF++:      It greatly protects you from fire.
Armour
 c - the +0 pair of fencer's gloves (worn) {Riposte Dex+3}
   (You found it on level 3 of the Snake Pit)

   Riposte:   It allows the wearer to riposte with melee weapons, swiftly
   retaliating against missed or blocked melee attacks.
   Dex+3:     It affects your dexterity (+3).
 i - a scarf of resistance (worn)
 j - a +2 pair of boots (worn)
 C - the +6 chain mail of Ypneshra {rElec Regen+ rCorr Dex-3}
   (You found it on level 4 of the Lair of Beasts)

   Dex-3:     It affects your dexterity (-3).
   rElec:     It insulates you from electricity.
   Regen+:    It increases your rate of health regeneration.
   rCorr:     It protects you from acid and corrosion.
 N - the +2 scale mail "Geeph" (worn) {rN++ Will+ Dex+4}
   (You found it on level 9 of the Dungeon)

   Dex+4:     It affects your dexterity (+4).
   rN++:      It greatly protects you from negative energy.
   Will+:     It increases your willpower.
 P - a +2 helmet of see invisible (worn)
 R - a +8 tower shield of protection (worn)
 T - the +0 kite shield "Pera" {rN+ Str+3 Dex+3}
   (You found it on level 3 of the Snake Pit)

   Str+3:     It affects your strength (+3).
   Dex+3:     It affects your dexterity (+3).
   rN+:       It protects you from negative energy.
Jewellery
 v - the amulet of Vitality {RegenMP++ Regen++}
   (You found it on level 3 of the Depths)

   [amulet of magic regeneration]

   RegenMP:   It increases your rate of magic regeneration.
   Regen++:   It increases your rate of health regeneration.
 x - the amulet "Vissill" (around neck) {rN+ Regen+ Dex+4 Stlth+}
   (You bought it in a shop on level 2 of the Snake Pit)

   [amulet of regeneration]

   Dex+4:     It affects your dexterity (+4).
   rN+:       It protects you from negative energy.
   Regen+:    It increases your rate of health regeneration.
   Stlth+:    It makes you more stealthy.
 A - the amulet "Uchoohaf" {Acrobat +Blink rPois rCorr}
   (You found it on level 5 of the Dungeon)

   [amulet of the acrobat]

   Acrobat:   It increases your evasion while moving and waiting.
   rPois:     It protects you from poison +Blink: It lets you blink.
   rCorr:     It protects you from acid and corrosion.
 K - the ring of Wuehercha {rC+ rCorr Str+4 Dex-5}
   (You found it on level 3 of the Crypt)

   [ring of resist corrosion]

   Str+4:     It affects your strength (+4).
   Dex-5:     It affects your dexterity (-5).
   rC+:       It protects you from cold.
   rCorr:     It protects you from acid and corrosion.
 V - the ring of Moodiness (left hand) {rF++ rC+ SInv}
   (You bought it in a shop on level 2 of the Snake Pit)

   [ring of see invisible]

   rF++:      It greatly protects you from fire.
   rC+:       It protects you from cold.
   SInv:      It lets you see invisible.
 X - the ring of Eternity (right hand) {^Contam rPois rC+++ rN+ Int+6}
   (You found it in Pandemonium)

   [ring of intelligence]

   Int+6:     It affects your intelligence (+6).
   rC+++:     It renders you almost immune to cold.
   rPois:     It protects you from poison rN+: It protects you from negative
   energy.
   ^Contam:   It causes magical contamination when unequipped.
 Y - the ring of Doxt {Will+ rCorr Str+6}
   (You bought it in a shop on level 2 of the Snake Pit)

   [ring of strength]

   Str+6:     It affects your strength (+6).
   Will+:     It increases your willpower.
   rCorr:     It protects you from acid and corrosion.
 Z - the ring "Takiqag" {Fly Str+5}
   (You found it in Pandemonium)

   [ring of flight]

   Str+5:     It affects your strength (+5).
   Fly:       It grants you flight.
Wands
 g - a wand of mindburst (39)
 w - a wand of digging (20)
 O - a wand of light (34)
 S - a wand of polymorph (59)
 W - a wand of flame (61)
Scrolls
 e - 8 scrolls of enchant weapon
 o - 7 scrolls of revelation
 p - a scroll of acquirement
 q - 11 scrolls of vulnerability
 t - 4 scrolls of silence
 u - 20 scrolls of teleportation
 y - 9 scrolls of fear
 B - 5 scrolls of torment
 F - 10 scrolls of blinking
 H - 2 scrolls of butterflies
 I - 6 scrolls of immolation
 J - 13 scrolls of poison
 Q - 2 scrolls of enchant armour
 U - 3 scrolls of fog
Potions
 d - 11 potions of might
 f - 9 potions of cancellation
 h - 6 potions of haste
 k - 14 potions of brilliance
 l - 10 potions of berserk rage
 m - 2 potions of magic
 n - 12 potions of lignification
 r - 6 potions of attraction
 s - 8 potions of mutation
 z - 23 potions of curing
 D - 5 potions of resistance
 E - 12 potions of enlightenment
 M - 5 potions of invisibility


   Skills:
 + Level 25.5 Fighting
 - Level 4.4 Short Blades
 + Level 21.4 Maces & Flails
 + Level 18.8 Armour
 + Level 18.3 Dodging
 + Level 19.9 Shields
 + Level 12.4 Spellcasting
 + Level 15.0 Translocations


You had 25 spell levels left.
You knew the following spells:

 Your Spells              Type           Power      Damage    Failure   Level
a - Blink                 Tloc           100%       N/A       1%          2
b - Manifold Assault      Tloc           58%        N/A       1%          4
c - Lesser Beckoning      Tloc           100%       N/A       1%          2
d - Gell's Gravitas       Tloc           58%        N/A       1%          3
e - Passage of Golubria   Tloc           58%        N/A       1%          4
f - Dispersal             Tloc           29%        N/A       5%          6
g - Vhi's Electric Charg  Tloc/Air       72%        N/A       8%          4

Your spell library contained the following spells:

 Spells                   Type           Power      Damage    Failure   Level
 Apportation              Tloc           100%       N/A       1%          1
 Momentum Strike          Conj/Tloc      72%        3d10      1%          2
 Teleport Other           Tloc           58%        N/A       1%          3
 Volatile Blastmotes      Fire/Tloc      72%        2d16      2%          3
 Dimensional Bullseye     Hex/Tloc       18%        N/A       8%          4
 Iskenderun's Mystic Bla  Conj/Tloc      36%        2d9       8%          4
 Kiss of Death            Conj/Necr      40%        2d8       17%         1
 Magic Dart               Conj           40%        1d5       17%         1
 Necrotise                Necr           40%        1d6       17%         1
 Sandblast                Erth           20%        2d7       17%         1
 Shock                    Conj/Air       40%        1d5       17%         1
 Sting                    Conj/Alch      40%        1d5       17%         1
 Summon Small Mammal      Summ           40%        N/A       17%         1
 Summon Forest            Summ/Tloc      18%        N/A       22%         5
 Call Imp                 Summ           20%        N/A       26%         2
 Cigotuvi's Dreadful Rot  Necr/Alch/Air  20%        N/A       26%         2
 Ensorcelled Hibernation  Hex/Ice        20%        N/A       26%         2
 Jinxbite                 Hex            20%        N/A       26%         2
 Mercury Vapours          Alch/Air       20%        N/A       26%         2
 Scorch                   Fire           20%        2d5       26%         2
 Static Discharge         Conj/Air       20%        3-4/arc   26%         2
 Sublimation of Blood     Necr           10%        N/A       26%         2
 Confusing Touch          Hex            10%        N/A       45%         3
 Dazzling Flash           Conj/Hex       20%        N/A       45%         3
 Frozen Ramparts          Ice            20%        1d4       45%         3
 Fugue of the Fallen      Necr           10%        N/A       45%         3
 Hailstorm                Conj/Ice       10%        3d6       45%         3
 Inner Flame              Hex/Fire       10%        N/A       45%         3
 Mephitic Cloud           Conj/Alch/Air  10%        N/A       45%         3
 Ozocubu's Armour         Ice            10%        N/A       45%         3
 Passwall                 Erth           10%        N/A       45%         3
 Sigil of Binding         Hex            10%        N/A       45%         3
 Stone Arrow              Conj/Erth      20%        3d8       45%         3
 Summon Ice Beast         Ice/Summ       10%        N/A       45%         3
 Swiftness                Air            10%        N/A       45%         3
 Tukima's Dance           Hex            10%        N/A       45%         3
 Airstrike                Air            5%         2d(1-17)  86%         4
 Anguish                  Hex/Necr       5%         N/A       86%         4
 Animate Armour           Summ/Erth      20%        N/A       86%         4
 Animate Dead             Necr           10%        N/A       86%         4
 Brom's Barrelling Bould  Conj/Erth      10%        2d3       86%         4
 Cause Fear               Hex            5%         N/A       86%         4
 Dispel Undead            Necr           10%        3d9       86%         4
 Flame Wave               Conj/Fire      10%        2d6       86%         4
 Fulminant Prism          Conj/Alch      5%         3d7       86%         4
 Ignite Poison            Fire/Alch      10%        N/A       86%         4
 Leda's Liquefaction      Alch/Erth      5%         N/A       86%         4
 Martyr's Knell           Necr/Summ      10%        N/A       86%         4
 Olgreb's Toxic Radiance  Alch           10%        N/A       86%         4
 Petrify                  Alch/Erth      10%        N/A       86%         4
 Sticky Flame             Fire/Alch      10%        2d5       86%         4
 Summon Blazeheart Golem  Fire/Summ      10%        N/A       86%         4
 Summon Lightning Spire   Summ/Air       10%        N/A       86%         4
 Alistair's Intoxication  Alch           6%         N/A       99%         5
 Arcjolt                  Conj/Air       5%         1d15      99%         5
 Borgnjor's Vile Clutch   Necr/Erth      5%         N/A       99%         5
 Freezing Cloud           Conj/Ice/Air   5%         6-21      99%         5
 Irradiate                Conj/Alch      5%         3d13      99%         5
 Lee's Rapid Deconstruct  Erth           5%         3d6*      99%         5
 Metabolic Englaciation   Hex/Ice        5%         N/A       99%         5
 Summon Mana Viper        Hex/Summ       10%        N/A       99%         5
 Yara's Violent Unravell  Hex/Alch       5%         3d4       99%         5
 Death Channel            Necr           5%         N/A       100%        6
 Eringya's Noxious Bog    Alch           5%         4d6       100%        6
 Plasma Beam              Fire/Air       5%         2x1d15    100%        6
 Sculpt Simulacrum        Ice/Alch       5%         N/A       100%        6
 Starburst                Conj/Fire      5%         6d4       100%        6
 Summon Cactus Giant      Summ           5%         N/A       100%        6
 Enfeeble                 Hex            5%         N/A       100%        7
 Haunt                    Necr/Summ      5%         N/A       100%        7
 Monstrous Menagerie      Summ           5%         N/A       100%        7
 Orb of Destruction       Conj           5%         9d5       100%        7
 Ozocubu's Refrigeration  Ice            5%         4d8       100%        7
 Spellforged Servitor     Conj/Summ      5%         N/A       100%        7
 Summon Hydra             Summ           5%         N/A       100%        7
 Discord                  Hex            5%         N/A       100%        8
 Ignition                 Fire           5%         3d4       100%        8
 Infestation              Necr           5%         N/A       100%        8
 Lehudib's Crystal Spear  Conj/Erth      5%         10d3      100%        8
 Maxwell's Capacitive Co  Air            5%         ∞         100%        8
 Death's Door             Necr           5%         N/A       100%        9
 Polar Vortex             Ice            5%         N/A       100%        9


Dungeon Overview and Level Annotations

Branches:
Dungeon (15/15)            Temple (1/1) D:4            Lair (5/5) D:11
 Shoals (4/4) Lair:3        Snake (4/4) Lair:3        Slime (5/5) Lair:4
    Orc (2/2) D:10            Elf (3/3) Orc:2        Vaults (5/5) D:14
  Crypt (3/3) Vaults:2       Tomb (0/3) Crypt:3      Depths (4/4) D:15
    Zot (0/5) Depths:4      IceCv (visited)

Altars:
Ashenzari
Cheibriados
Dithmenos
Elyvilon
Fedhas
Gozag
Hepliaklqana
Kikubaaqudgha
Makhleb
Nemelex Xobeh
Okawaru
Qazlal
Ru
Sif Muna
Trog
Uskayaw
Vehumet
Wu Jian
Xom
Yredelemnul
Zin
The Shining One
Jiyva

Shops:
D:2 !   D:3 *   D:6 :   D:12 ?=   Orc:2 (:[!(   Shoals:3 (!:?   Snake:2 [=
Vaults:2 [

Portals:
Hell: Depths:1 Depths:2 Depths:3 Depths:4
Abyss: Depths:3
Pandemonium: Depths:2
Ziggurat: Depths:4
Bazaar: Shoals:3

Annotations:
D:3 3 runed translucent doors, rotlqkf's ghost, amateur HuGl


Innate Abilities, Weirdness & Mutations

You have razor-sharp teeth.
Your natural rate of healing is unusually fast.
When hurt, damage is shared between your health and your magic reserves.
Your bite disrupts and absorbs the magic of your enemies.
Potions cannot restore your health.
Your mind is acute. (Int +4, Str/Dex -1)
Your flesh is cold resistant. (rC+)
Your body sometimes deteriorates upon taking damage.
You are strong-willed. (Will+)
You occasionally lose the ability to drink potions when taking damage.
You occasionally lose the ability to read scrolls when taking damage.


Message History

2 ball lightnings come into view.
Unknown command.
Unknown command.
Unknown command.
Unknown command.
Press: ? - help, v - describe, . - travel
Here: Moapeuxzo The floor.
Unknown command.
You feel protected.
The ball lightning explodes!
The blast of lightning engulfs you! You resist.
The blast of lightning engulfs the ynoxinul!!
The ynoxinul resists.
The ynoxinul dies!
The blast of lightning engulfs the ball lightning.
The ball lightning completely resists.
The blast of lightning engulfs Moapeuxzo.
Moapeuxzo completely resists.
The blast of lightning engulfs the ball lightning.
The ball lightning completely resists.
The ball lightning explodes!
The blast of lightning engulfs Moapeuxzo.
Moapeuxzo completely resists.
The blast of lightning engulfs you!! You resist.
Your body deteriorates!
You feel dopey.
The blast of lightning engulfs the ball lightning.
The ball lightning completely resists.
A ball lightning comes into view.
The ball lightning explodes!
The blast of lightning engulfs Moapeuxzo.
Moapeuxzo completely resists.
The blast of lightning engulfs the ball lightning.
The ball lightning completely resists.
The blast of lightning engulfs you! You resist.
The blast of lightning engulfs the ball lightning.
The ball lightning completely resists.
Moapeuxzo gestures at you. The crystal spear hits you!!!!
Ouch! That really hurt!
You die...

..#........#'####'##. ...
..'........#.......#.
...####........#.......'. #.
...#.........###.......#.
#.#####'#.........'.........#.
#.................#.........#.
#...............§.###########.
####..............*§§............
................@.&.§§.#######...
...................§§§.#.....#...
..........######'#*§...#.....#...
#......####.(....#.....#.....+...
#......#.........#.....#.....#.##
#.###'##.........#.....#.....#.#.
#.#..............#.....'.....#.#.
#.#..............#.....#.....#.#.
#.#..............#.....#.....#.#.


You could see Moapeuxzo and 2 ball lightnings.

Vanquished Creatures
  the Royal Jelly (Slime:5)
  A seraph (Pan)
  Khufu (Crypt:1)
  4 dread liches
  2 ancient liches (Vaults:5)
  3 juggernauts (Depths:2)
  Mennas (Depths:3)
  4 royal mummies
  Vv (Crypt:1)
  7 pandemonium lords (Pan)
  Boris (twice) (Crypt:1 Crypt:3)
  Bai Suzhen (Shoals:4)
  Saint Roka (Orc:2)
  2 golden dragons (Depths:4)
  2 profane servitors
  3 pearl dragons
  6 Brimstone Fiends (Pan)
  4 bone dragons
  A Tzitzimitl (Pan)
  2 hellephants
  Jorgrun (D:15)
  Zenata (Crypt:2)
  2 shard shrike skeletons (Crypt:3)
  6 liches
  3 deep elf blademasters (Elf:3)
  A tentacled monstrosity (Abyss:1)
  2 Ice Fiends (Pan)
  3 Hell Sentinels (Pan)
  3 titans (Vaults:5)
  A walking divine tome (Depths:2)
  A quicksilver dragon (Vaults:5)
  A deep elf master archer (Elf:3)
  24 acid blobs
  9 sphinxes
  Polyphemus (Shoals:3)
  17 Executioners
  9 ancient champions
  2 shadow dragons (Vaults:5)
  Aizul (Snake:3)
  10 tentacled starspawn
  Kirke (Lair:4)
  21 daevas (Pan)
  4 storm dragons
  4 tengu reavers
  Roxanne (Shoals:3)
  12 azure jellies
  5 revenants
  9 rockslimes
  Donald (Orc:2)
  7 fire giants
  8 frost giants
  Ilsuiw (Shoals:3)
  11 nagarajas
  7 demonspawn warmongers (Pan)
  12 balrugs
  Louise (Depths:3)
  22 vault wardens
  3 iron dragons
  7 deep elf sorcerers
  A draconian knight (Depths:4)
  3 curse skulls
  6 deep elf elementalists
  26 angels (Pan)
  7 demonspawn corrupters (Pan)
  A caustic shrike zombie (Abyss:5)
  13 cacodemons
  15 ironbound preservers
  9 stone giants
  An orc warlord (Orc:1)
  6 formless jellyfish
  13 quicksilver oozes
  2 juggernaut skeletons (Crypt:3)
  9 demonspawn blood saints (Pan)
  25 reapers
  13 ghouls
  14 ophanim (Pan)
  24 very ugly things
  14 vampire knights
  5 caustic shrike skeletons (Crypt:3)
  5 ironbound thunderhulks
  11 deep elf death magi
  Nessos (D:13)
  27 apis (Pan)
  5 deep elf demonologists
  8 demonspawn black suns (Pan)
  3 war gargoyles
  A white draconian (IceCv)
  9 lorocyprocas (Pan)
  2 purple draconians (Depths:4)
  A black draconian (Depths:4)
  7 deep elf annihilators
  2 red draconians
  5 spark wasps
  Snorg (D:10)
  6 merfolk javelineers
  2 pearl dragon zombies (Crypt:3)
  15 blizzard demons
  12 green deaths
  10 ettins
  16 merfolk impalers
  Josephine (Lair:3)
  2 entropy weavers (Vaults:2)
  5 eidola
  2 mummy priests (Depths:3)
  A quicksilver dragon zombie (Crypt:2)
  An acid blob zombie (Crypt:2)
  9 jiangshi
  40 vault guards
  13 great orbs of eyes
  15 yaktaur captains
  8 fire dragons
  11 deep elf high priests
  Harold (Lair:2)
  A salamander tyrant (Snake:4)
  Erolcha (D:11)
  A quicksilver dragon skeleton (Crypt:2)
  A spriggan zombie (Crypt:2)
  An ogre mage (Vaults:5)
  6 spriggan skeletons
  4 rakshasas
  3 spriggan air magi (Depths:2)
  4 catoblepae
  7 ice dragons
  6 hydras
  A peacekeeper (Vaults:4)
  A merfolk aquamancer (Shoals:4)
  14 ironbound frosthearts
  9 anacondas
  10 hell beasts (Pan)
  13 naga warriors
  4 boulder beetles
  8 death knights
  Erica (D:8)
  6 centaur warriors
  25 dancing weapons
  2 merfolk avatars (Shoals:4)
  14 death yaks
  An alligator snapping turtle (Shoals:3)
  2 satyrs (Shoals:3)
  9 deep troll shamans
  11 demonic crawlers (Pan)
  3 two-headed ogres
  5 deep troll earth magi
  11 vampire magi
  A bennu skeleton (Crypt:1)
  3 orc high priests
  3 hell hogs (Crypt:3)
  8 thrashing horrors
  10 tengu warriors
  11 naga sharpshooters
  4 spriggan berserkers
  5 hell knights (Vaults:5)
  48 sun demons
  A skyshark (shapeshifter) (Vaults:5)
  2 skysharks
  3 titan skeletons
  3 salamander mystics
  37 skeletal warriors
  2 shadow wraiths (Crypt:2)
  28 soul eaters
  10 shock serpents
  17 deep elf knights
  9 wretched stars
  A storm dragon skeleton (Crypt:2)
  14 cherubim (Pan)
  A spark wasp zombie (Crypt:1)
  15 sixfirhies
  24 sea snakes
  6 glowing orange brains
  7 iron trolls
  A death drake (Abyss:5)
  5 flayed ghosts
  43 deep trolls
  2 orange crystal statues
  12 deep elf archers
  18 ironbound convokers
  A swamp dragon (shapeshifter) (Vaults:5)
  3 lindwurms (Vaults:2)
  11 phantasmal warriors
  7 shadow demons (Pan)
  7 naga ritualists
  12 orc knights
  35 large abominations
  2 bog bodies (Crypt:3)
  6 arcanists
  19 harpies
  5 necromancers
  2 anaconda skeletons
  23 deep elf pyromancers
  14 mana vipers
  A wolf spider (Vaults:5)
  22 deep elf zephyrmancers
  8 orc sorcerers
  A shadow dragon skeleton (Crypt:1)
  14 manticores
  15 fauns
  11 cyclopes
  A human zombie (Vaults:4)
  29 ugly things
  A frost giant zombie (Vaults:4)
  7 shining eyes
  16 salamanders
  A will-o-the-wisp (Abyss:5)
  A meliai (shapeshifter) (Abyss:5)
  14 elephants
  A shock serpent zombie (Crypt:1)
  7 worldbinders
  3 meliai (D:15)
  13 naga magi
  3 water nymphs
  An alligator skeleton (Crypt:2)
  40 black mambas
  3 kobold blastminers (Orc:1)
  2 rust devils (Pan)
  12 merfolk sirens
  23 vault sentinels
  16 smoke demons
  An apocalypse crab (Abyss:3)
  2 eyes of devastation
  2 stone giant skeletons
  4 apis skeletons (Crypt:3)
  8 guardian serpents
  A gargoyle (D:12)
  11 rime drakes
  A naga skeleton (Crypt:1)
  13 orange demons (Pan)
  15 cane toads
  A centaur skeleton (Crypt:3)
  Maggie (D:10)
  2 hellions (Pan)
  An unseen horror (D:11)
  2 dire elephant skeletons (Crypt:3)
  37 yaktaurs
  A komodo dragon (shapeshifter) (Abyss:3)
  9 komodo dragons
  A kobold demonologist (D:11)
  7 tormentors (Pan)
  3 tengu conjurers
  7 freezing wraiths
  A redback zombie (Crypt:3)
  An ice devil (Pan)
  A sea snake skeleton (Crypt:2)
  5 ancient zymes
  2 efreet
  9 trolls
  4 guardian mummies (Depths:3)
  A yellow draconian skeleton (Crypt:2)
  49 starcursed masses
  A hydra zombie (Crypt:1)
  An anaconda simulacrum (Crypt:1)
  An elf simulacrum (Vaults:4)
  A minotaur skeleton (Crypt:3)
  2 wind drakes (Shoals:3)
  A tengu simulacrum (Vaults:4)
  5 red devils (Pan)
  10 polar bears
  4 hornets
  33 merfolk
  A tarantella (Vaults:2)
  A raiju (shapeshifter) (Abyss:2)
  A blink frog (shapeshifter) (D:13)
  9 saltlings (Orc:2)
  13 hellwings
  A harpy skeleton (Crypt:3)
  5 snapping turtles
  13 raiju
  5 glass eyes
  9 blink frogs
  8 dream sheep
  A satyr zombie (Crypt:1)
  A jumping spider (Vaults:2)
  94 slime creatures
  3 air elementals
  A culicivora (Vaults:2)
  A centaur simulacrum (D:13)
  2 ettin skeletons (Crypt:3)
  A vampire (D:13)
  3 spriggans (Depths:4)
  29 yaks
  14 water elementals
  13 wraiths
  29 ynoxinuls
  A black mamba skeleton (Crypt:2)
  3 wyverns
  A hog (Lair:4)
  A steam dragon (Lair:2)
  5 basilisks
  3 fire elementals
  A human (shapeshifter) (D:14)
  10 golden eyes
  10 wargs
  A wind drake skeleton (Crypt:1)
  7 vampire mosquitoes
  3 redbacks (Vaults:2)
  A redback (shapeshifter) (Vaults:5)
  34 chaos spawn
  16 neqoxecs
  14 spatial vortices (Abyss:2)
  An acid dragon (D:11)
  43 nagas
  A swamp worm (shapeshifter) (Vaults:5)
  19 water moccasins
  4 black bears
  2 ice beasts
  9 laughing skulls (Abyss:5)
  2 swamp dragon zombies
  21 orc warriors
  5 ogres
  A swamp dragon skeleton (Crypt:3)
  2 torpor snail zombies
  15 wolves
  A snapping turtle skeleton (Crypt:1)
  A centaur (D:9)
  2 phantoms
  8 bullfrogs
  6 weeping skulls
  A human skeleton (Vaults:4)
  A brain worm (Abyss:2)
  2 kobold brigands (D:10)
  A draconian skeleton (Crypt:3)
  A gnoll sergeant (D:10)
  4 necrophages
  A scorpion (D:6)
  6 small abominations
  27 wights
  2 wyvern skeletons (Crypt:3)
  A yak skeleton (Crypt:3)
  2 bombardier beetles
  4 electric eels
  9 howler monkeys
  A bullfrog skeleton (Crypt:2)
  A quasit (Abyss:3)
  2 hounds
  23 orc priests
  Crazy Yiuf (D:3)
  2 gnoll boudas
  An iguana (D:4)
  2 iron imps
  Jessica (D:2)
  4 sleepcaps
  Terence (D:2)
  25 orc wizards
  6 hell rats (Lair:5)
  An ogre skeleton (Crypt:3)
  2 mummies
  Robin (D:2)
  21 gnolls
  8 adders
  A shadow imp (Pan)
  2 white imps
  6 ufetubi
  A ribbon worm (D:3)
  3 dart slugs
  88 orcs
  7 bats
  A bat skeleton (Crypt:3)
  9 endoplasms
  A giant cockroach (D:3)
  11 goblins
  10 hobgoblins
  3 jackals (D:3)
  12 kobolds
  A quokka (D:3)
  6 ball pythons
  A ball python skeleton (Crypt:2)
  2 frilled lizards
  5 rats
  A rat zombie (Crypt:3)
  A river rat skeleton (Crypt:1)
  2 lurking horrors
  10 starspawn tentacles
2824 creatures vanquished.

Vanquished Creatures (others)
  A Brimstone Fiend (Pan)
  A demonspawn warmonger (Pan)
  A frost giant (IceCv)
  A demonspawn corrupter (Pan)
  A demonspawn blood saint (Pan)
  A merfolk impaler (Shoals:4)
  A sixfirhy (Pan)
  A sun demon (Pan)
  A hell knight (Vaults:5)
  A tormentor (Pan)
  A ynoxinul (Pan)
  An air elemental (Elf:3)
  2 humans (Lair:4)
  3 chaos spawn (Pan)
  A naga (Snake:3)
  A small abomination (Abyss:3)
  A starcursed mass (Abyss:3)
  10 ball lightnings (Pan)
  2 foxfires (Abyss:5)
  20 starspawn tentacles
52 creatures vanquished.

Grand Total: 2876 creatures vanquished

Notes
Turn   | Place    | Note
-------+----------+-------------------------------------------
     0 | D:1      | RobotCleanerRider the Vine Stalker Fighter began the quest
                  | for the Orb.
     0 | D:1      | Reached XP level 1. HP: 11/11 MP: 2/2
   206 | D:1      | Reached XP level 2. HP: 15/16 MP: 1/3
   215 | D:1      | Reached skill level 3 in Fighting
   773 | D:2      | Noticed Robin
   798 | D:2      | Reached XP level 3. HP: 20/20 MP: 4/4
   816 | D:2      | Killed Robin
   834 | D:2      | Noticed Terence
   856 | D:2      | Killed Terence
   857 | D:2      | Reached XP level 4. HP: 24/24 MP: 5/5
  1197 | D:2      | Found a radiant altar of Vehumet.
  1199 | D:2      | Noticed Jessica
  1207 | D:2      | Killed Jessica
  1232 | D:2      | Found Zusyopon's Distillery.
  1240 | D:2      | Bought a potion of lignification for 36 gold pieces
  1496 | D:3      | Found a snail-covered altar of Cheibriados.
  1558 | D:3      | Reached XP level 5. HP: 29/29 MP: 6/6
  1621 | D:3      | Reached skill level 4 in Fighting
  1695 | D:3      | Found a faded altar of an unknown god.
  1764 | D:3      | Found a runed translucent gate.
  1764 | D:3      | Found a runed translucent gate.
  1764 | D:3      | Found a runed translucent gate.
  1766 | D:3      | Noticed rotlqkf's ghost (amateur HuGl)
  1767 | D:3      | Noticed a kobold brigand
  1893 | D:3      | Got Sif Muna's Volume of the Distorted Chill
  1909 | D:3      | Found Wagiquca's Assorted Antiques.
  2017 | D:3      | Found a runed translucent door.
  2018 | D:3      | Noticed Crazy Yiuf
  2028 | D:3      | Killed Crazy Yiuf
  2348 | D:4      | Reached XP level 6. HP: 33/33 MP: 7/7
  2402 | D:4      | Reached skill level 1 in Dodging
  2468 | D:4      | Reached XP level 7. HP: 38/38 MP: 8/8
  2573 | D:4      | Found a staircase to the Ecumenical Temple.
  2582 | Temple   | Entered the Ecumenical Temple
  2798 | D:4      | Found an ancient bone altar of Kikubaaqudgha.
  2860 | D:5      | Entered Level 5 of the Dungeon
  2870 | D:5      | Reached skill level 5 in Fighting
  2874 | D:5      | Identified the amulet "Uchoohaf" {Acrobat +Blink rPois
                  | rCorr}
  3290 | D:6      | Found a white marble altar of Elyvilon.
  3301 | D:6      | Gained mutation: You have razor-sharp teeth. [Vine Stalker
                  | growth]
  3301 | D:6      | Reached XP level 8. HP: 42/44 MP: 7/9
  3363 | D:6      | Found Sasakhly's Self-Improvement Boutique.
  3547 | D:6      | Found a broken altar of Ashenzari.
  3547 | D:6      | Found an iron altar of Okawaru.
  3807 | D:6      | Reached skill level 6 in Fighting
  4234 | D:7      | Identified the +3 leather armour of the Ancient Bounties
                  | {rCorr}
  4303 | D:7      | Identified the +8 whip of the Dripping Hero {drain, Str-2
                  | Int+9 Dex+5}
  4564 | D:7      | Reached XP level 9. HP: 49/49 MP: 10/10
  4670 | D:7      | Reached skill level 1 in Maces & Flails
  4745 | D:7      | Reached skill level 5 in Shields
  4803 | D:7      | Reached skill level 7 in Fighting
  5026 | D:8      | Reached skill level 5 in Armour
  5258 | D:8      | Noticed Erica
  5266 | D:8      | Killed Erica
  5267 | D:8      | Reached skill level 8 in Fighting
  5267 | D:8      | Reached XP level 10. HP: 39/56 MP: 11/11
  5530 | D:9      | Identified the +2 scale mail "Geeph" {rN++ Will+ Dex+4}
  5781 | D:9      | Found an ornate altar of the Wu Jian Council.
  5790 | D:9      | Became a worshipper of the Wu Jian Council
  6669 | D:10     | Entered Level 10 of the Dungeon
  6754 | D:10     | Found a staircase to the Orcish Mines.
  6757 | D:10     | Noticed a cyclops
  6766 | D:10     | Killed a cyclops
  6931 | D:10     | Reached * piety under Wu Jian
  7003 | D:10     | Reached skill level 9 in Fighting
  7056 | D:10     | Noticed Maggie
  7068 | D:10     | Killed Maggie
  7068 | D:10     | Reached ** piety under Wu Jian
  7139 | D:10     | Noticed Snorg
  7153 | D:10     | Reached skill level 5 in Dodging
  7168 | D:10     | Killed Snorg
  7169 | D:10     | Reached XP level 11. HP: 40/62 MP: 7/12
  7668 | D:11     | Found a staircase to the Lair.
  7765 | D:11     | Noticed Erolcha
  7785 | D:11     | Reached skill level 5 in Maces & Flails
  7851 | D:11     | Killed Erolcha
  7852 | D:11     | Reached skill level 10 in Fighting
  8218 | Lair:1   | Entered Level 1 of the Lair of Beasts
  8358 | Lair:1   | Reached *** piety under Wu Jian
  8869 | Lair:1   | Reached XP level 12. HP: 69/69 MP: 13/13
  8989 | Lair:2   | Noticed Harold
  9005 | Lair:2   | Killed Harold
  9073 | Lair:2   | Reached skill level 11 in Fighting
  9180 | Lair:2   | Noticed a death yak
  9180 | Lair:2   | Noticed a death yak
  9180 | Lair:2   | Noticed a death yak
  9195 | Lair:2   | Killed a death yak
  9210 | Lair:2   | Killed a death yak
  9221 | Lair:2   | Killed a death yak
  9353 | Lair:2   | Noticed a four-headed hydra
  9368 | Lair:2   | Killed a four-headed hydra
  9558 | D:6      | Bought a manual of Maces & Flails for 960 gold pieces
 10397 | Lair:3   | Noticed an eight-headed hydra
 10436 | Lair:3   | Found a staircase to the Snake Pit.
 10458 | Lair:3   | Noticed a catoblepas
 10470 | Lair:3   | Killed a catoblepas
 10508 | Lair:3   | Reached **** piety under Wu Jian
 10530 | Lair:3   | Found a staircase to the Shoals.
 10600 | Lair:3   | Killed an eight-headed hydra
 10649 | Lair:3   | Reached XP level 13. HP: 74/74 MP: 14/14
 10752 | Lair:3   | Reached skill level 12 in Fighting
 11112 | Lair:3   | Noticed Josephine
 11139 | Lair:3   | Killed Josephine
 11287 | Lair:4   | Noticed Kirke
 11289 | Lair:4   | Noticed a sphinx
 11291 | Lair:4   | Noticed a sphinx
 11296 | Lair:4   | a sphinx changed into a hog
 11310 | Lair:4   | Killed Kirke
 11385 | Lair:4   | Identified the +6 chain mail of Ypneshra {rElec Regen+
                  | rCorr Dex-3}
 11497 | Lair:4   | Reached ***** piety under Wu Jian
 11836 | Lair:4   | Found a viscous altar of Jiyva.
 11836 | Lair:4   | Found a staircase to the Slime Pits.
 12210 | Lair:5   | Entered Level 5 of the Lair of Beasts
 12236 | Lair:5   | Reached skill level 13 in Fighting
 12472 | Lair:5   | Reached XP level 14. HP: 70/82 MP: 13/15
 13018 | Lair:5   | Reached skill level 10 in Maces & Flails
 13157 | Lair:5   | Identified the +10 falchion of Indignation {freeze,
                  | ^Fragile rElec Int+9 Dex+2}
 13535 | Orc:1    | Entered Level 1 of the Orcish Mines
 13564 | Orc:1    | You fall into a shaft and drop 1 floor!
 13564 | Orc:2    | Entered Level 2 of the Orcish Mines
 13611 | Orc:2    | Noticed Saint Roka
 13658 | Orc:2    | HP: 4/83 [Saint Roka/divine providence (7)]
 13660 | Orc:2    | Killed Saint Roka
 13863 | Orc:2    | Found a staircase to the Elven Halls.
 13946 | Orc:2    | Reached skill level 14 in Fighting
 14039 | Orc:2    | Reached skill level 10 in Shields
 14079 | Orc:2    | Noticed Donald
 14092 | Orc:2    | Killed Donald
 14133 | Orc:2    | Found Wiurghoit's Distillery.
 14156 | Orc:2    | Found Fiepilup's Antique Weapon Shoppe.
 14158 | Orc:2    | Found Tibroolaz's Book Shoppe.
 14315 | Orc:2    | Reached XP level 15. HP: 87/88 MP: 16/16
 14467 | Orc:2    | Found Jicifie's Weapon Boutique.
 14667 | Orc:2    | Bought a potion of attraction for 33 gold pieces
 14667 | Orc:2    | Bought a potion of enlightenment for 55 gold pieces
 14694 | Orc:2    | Found Rieluiwn's Armour Shoppe.
 14708 | Orc:2    | Reached ****** piety under Wu Jian
 14923 | Orc:1    | Noticed an orc warlord
 14970 | Orc:1    | Killed an orc warlord
 15406 | Orc:1    | Upgraded the game from 0.31-a0-1425-g903e00c to
                  | 0.31-a0-1448-g4a97266
 15530 | Snake:1  | Entered Level 1 of the Snake Pit
 15662 | Snake:1  | Reached skill level 10 in Armour
 16040 | Snake:1  | Identified the +0 ring mail "Udghuepu" {rN++ Str+2 Int+2}
 16115 | Snake:1  | Reached skill level 15 in Fighting
 16163 | Snake:2  | Found Loras's Antique Armour Boutique.
 16169 | Snake:2  | Found Anuthrel's Jewellery Shop.
 16338 | Snake:2  | Noticed a nagaraja
 16356 | Snake:2  | Killed a nagaraja
 16422 | Snake:2  | Found a flickering gateway to a bazaar.
 16429 | Bazaar   | Entered a bazaar
 16438 | Bazaar   | Found Jemm's Armour Shop.
 16452 | Bazaar   | Found Liebb's Antique Weapon Boutique.
 16466 | Bazaar   | Found Geadeir's Distillery.
 16480 | Bazaar   | Found Tacvery's Assorted Antiques.
 16494 | Bazaar   | Found Jaet's Jewellery Shop.
 16520 | Bazaar   | Found Roxes's Assorted Antiques.
 16528 | Bazaar   | Bought a scroll of identify for 42 gold pieces
 16712 | Bazaar   | Bought a potion of resistance for 190 gold pieces
 16712 | Bazaar   | Bought a potion of cancellation for 152 gold pieces
 16712 | Bazaar   | Bought a potion of lignification for 57 gold pieces
 16751 | Bazaar   | Bought a peridot ring for 170 gold pieces
 16751 | Bazaar   | Bought a scroll of enchant armour for 255 gold pieces
 17201 | Snake:2  | Noticed a nagaraja
 17213 | Snake:2  | Killed a nagaraja
 17620 | Snake:3  | Reached XP level 16. HP: 95/95 MP: 17/17
 18251 | Snake:3  | Found a transporter.
 18252 | Snake:3  | Found the +0 pair of fencer's gloves {Riposte Dex+3}
 18281 | Snake:3  | Identified the serpent talisman of Fumigom Wiowk {Slay+4}
 18281 | Snake:3  | Noticed Aizul
 18310 | Snake:3  | Killed Aizul
 18375 | Snake:3  | Found a transporter.
 18669 | Snake:3  | Reached skill level 16 in Fighting
 18704 | Snake:3  | Reached skill level 10 in Dodging
 18802 | Snake:3  | Identified the +0 kite shield "Pera" {rN+ Str+3 Dex+3}
 18924 | Snake:4  | Entered Level 4 of the Snake Pit
 19065 | Snake:4  | Noticed a nagaraja
 19082 | Snake:4  | Killed a nagaraja
 19110 | Snake:4  | Noticed a nagaraja
 19120 | Snake:4  | Killed a nagaraja
 19267 | Snake:4  | Noticed a nagaraja
 19267 | Snake:4  | Noticed a nagaraja
 19304 | Snake:4  | Killed a nagaraja
 19305 | Snake:4  | Killed a nagaraja
 19330 | Snake:4  | Identified a scroll of acquirement
 19331 | Snake:4  | Acquired 1041 gold pieces
 19338 | Snake:4  | Noticed a nagaraja
 19368 | Snake:4  | Reached XP level 17. HP: 51/101 MP: 18/18
 19538 | Snake:2  | Bought the amulet "Vissill" {rN+ Regen+ Dex+4 Stlth+} for
                  | 681 gold pieces
 19538 | Snake:2  | Bought the ring of Moodiness {rF++ rC+ SInv} for 604 gold
                  | pieces
 20079 | Snake:4  | Reached skill level 17 in Fighting
 20091 | Snake:4  | Got a serpentine rune of Zot
 20455 | Shoals:1 | Entered Level 1 of the Shoals
 21770 | Shoals:3 | Found Uveum's Book Emporium.
 21787 | Shoals:3 | Found a gateway to a bazaar.
 21825 | Shoals:3 | Noticed Polyphemus
 21854 | Shoals:3 | Killed Polyphemus
 21855 | Shoals:3 | Reached XP level 18. HP: 108/108 MP: 19/19
 21922 | Shoals:3 | Noticed Ilsuiw
 21955 | Shoals:3 | Killed Ilsuiw
 21994 | Shoals:3 | Found Rujiq's Antique Weapon Shop.
 22004 | Shoals:3 | Found Naf Tee's Distillery.
 22189 | Shoals:3 | Noticed Roxanne
 22390 | Shoals:3 | Found Beapeng's Magic Scroll Shop.
 22422 | Shoals:3 | Killed Roxanne
 22536 | Shoals:4 | Entered Level 4 of the Shoals
 22599 | Shoals:4 | Found a frozen archway.
 22616 | IceCv    | Entered an ice cave
 22641 | IceCv    | Reached skill level 18 in Fighting
 23427 | Shoals:4 | Paralysed by a formless jellyfish for 1 turns
 23430 | Shoals:4 | Reached skill level 15 in Maces & Flails
 23519 | Shoals:4 | Noticed Bai Suzhen
 23540 | Shoals:4 | Killed Bai Suzhen
 23550 | Shoals:4 | Reached XP level 19. HP: 64/114 MP: 17/20
 23859 | Shoals:4 | Got a barnacled rune of Zot
 24248 | D:12     | Found Utoona's Magic Scroll Shop.
 24267 | D:12     | Bought a scroll of blinking for 105 gold pieces
 24404 | D:12     | Found Dyuwyfa's Jewellery Emporium.
 24842 | D:13     | Identified the +9 long sword of Inference {protect, rF+
                  | Will+ Dex-4}
 24873 | D:13     | Noticed Nessos
 24891 | D:13     | Killed Nessos
 25553 | D:14     | Found a gate to the Vaults.
 25852 | D:14     | Reached skill level 19 in Fighting
 25978 | D:15     | Entered Level 15 of the Dungeon
 26026 | D:15     | Noticed Jorgrun
 26042 | D:15     | Killed Jorgrun
 26698 | D:15     | Found a staircase to the Depths.
 26731 | D:15     | Upgraded the game from 0.31-a0-1448-g4a97266 to
                  | 0.31-a0-1469-gd420192
 26734 | Depths:1 | Entered Level 1 of the Depths
 26778 | Depths:1 | Found a gateway to Hell.
 27107 | Depths:1 | You fall into a shaft and drop 1 floor!
 27164 | Depths:2 | Noticed a juggernaut
 27174 | Depths:2 | Noticed a juggernaut
 27177 | Depths:2 | Reached XP level 20. HP: 61/121 MP: 21/21
 27205 | Depths:2 | Killed a juggernaut
 27211 | Depths:2 | Killed a juggernaut
 27420 | Depths:2 | Noticed a juggernaut
 27436 | Depths:2 | Killed a juggernaut
 27437 | Depths:2 | Reached skill level 20 in Fighting
 27518 | Depths:2 | Got the Omnibus of Excruciating Ozone
 27961 | Depths:2 | Found a one-way gate leading to the halls of Pandemonium.
 28512 | Depths:1 | Found a blossoming altar of Fedhas.
 28963 | Depths:3 | Found a one-way gate to the infinite horrors of the Abyss.
 28963 | Depths:3 | Noticed Louise
 28975 | Depths:3 | Killed Louise
 29019 | Depths:3 | Found a sparkling altar of Nemelex Xobeh.
 29239 | Depths:3 | Noticed Mennas
 29281 | Depths:3 | Killed Mennas
 29282 | Depths:3 | Reached XP level 21. HP: 78/128 MP: 19/22
 29638 | Depths:3 | Noticed a royal mummy
 29658 | Depths:3 | Killed a royal mummy
 29716 | Depths:3 | Found the amulet of Vitality {RegenMP++ Regen++}
 29717 | Depths:3 | Noticed a royal mummy
 29748 | Depths:3 | Killed a royal mummy
 30339 | Depths:4 | Entered Level 4 of the Depths
 30344 | Depths:4 | Noticed a golden dragon
 30344 | Depths:4 | Noticed a golden dragon
 30361 | Depths:4 | Killed a golden dragon
 30371 | Depths:4 | Killed a golden dragon
 30581 | Depths:4 | Found a gate to the Realm of Zot.
 30639 | Depths:4 | Found a one-way gateway to a ziggurat.
 30901 | Depths:4 | Upgraded the game from 0.31-a0-1469-gd420192 to
                  | 0.31-a0-1522-g43313d8
 31021 | Vaults:1 | Entered Level 1 of the Vaults
 32221 | Vaults:2 | Reached skill level 21 in Fighting
 32475 | Vaults:2 | Reached skill level 15 in Shields
 32684 | Vaults:2 | Noticed a bone dragon
 32686 | Vaults:2 | Found Fiach's Armour Shoppe.
 32707 | Vaults:2 | Killed a bone dragon
 32854 | Vaults:2 | Found a staircase to the Crypt.
 32993 | Vaults:2 | Reached XP level 22. HP: 135/135 MP: 23/23
 33388 | Vaults:3 | Paralysed by a sphinx for 5 turns
 34417 | Vaults:4 | Learned a level 2 spell: Blink
 34567 | Vaults:4 | Reached skill level 1 in Translocations
 34639 | Vaults:4 | Reached skill level 1 in Spellcasting
 34676 | Vaults:4 | Identified the +0 leather armour "Hoemef" {Str+3 Dex+3}
 35185 | Vaults:5 | Entered Level 5 of the Vaults
 35185 | Vaults:5 | Noticed an ancient lich
 35233 | Vaults:5 | Reached XP level 23. HP: 141/141 MP: 28/28
 35240 | Vaults:5 | Killed an ancient lich
 35241 | Vaults:5 | Reached skill level 22 in Fighting
 35361 | Vaults:5 | Noticed an ancient lich
 35400 | Vaults:5 | Killed an ancient lich
 35401 | Vaults:5 | Reached skill level 5 in Translocations
 35494 | Vaults:5 | Identified the ring "Lanishem" {AC+4 Int+3}
 35522 | Vaults:5 | Reached skill level 15 in Armour
 35584 | Vaults:5 | Identified the +9 morningstar "Xynufec" {freeze, rElec rN+}
 35829 | Vaults:5 | Identified the +7 whip of Brawling {drain, rElec rC- Dex+3}
 35925 | Vaults:5 | Noticed a dread lich
 35975 | Vaults:5 | Killed a dread lich
 36036 | Vaults:5 | Got a silver rune of Zot
 36227 | Vaults:5 | Reached skill level 5 in Spellcasting
 36428 | Vaults:5 | Identified the +5 long sword of the Lair of Beasts {flame,
                  | rC+ rN+ Will+ SInv}
 36451 | Vaults:5 | Identified the +5 shortbow of Crawling {drain, rElec Str+4
                  | Dex-5}
 36852 | Vaults:5 | Upgraded the game from 0.31-a0-1522-g43313d8 to
                  | 0.31-a0-1540-g5a0b83f
 37251 | Slime:1  | Entered Level 1 of the Pits of Slime
 37371 | Slime:1  | Gained mutation: Your body sometimes deteriorates upon
                  | taking damage. [a shining eye]
 37730 | Slime:2  | Reached XP level 24. HP: 148/148 MP: 31/31
 38319 | Slime:3  | Gained mutation: You occasionally lose the ability to read
                  | scrolls when taking damage. [a shining eye]
 38322 | Slime:3  | Gained mutation: You are clumsy. (Dex -2) [a shining eye]
 39017 | Slime:5  | Entered Level 5 of the Pits of Slime
 39028 | Slime:5  | Gained mutation: You are dopey. (Int -2) [a shining eye]
 39050 | Slime:5  | Gained mutation: You are resistant to electric shocks.
                  | (rElec) [a shining eye]
 39071 | Slime:5  | Gained mutation: You are very clumsy. (Dex -4) [a shining
                  | eye]
 39145 | Slime:5  | Found a viscous altar of Jiyva.
 39145 | Slime:5  | Noticed the Royal Jelly
 39245 | Slime:5  | Killed the Royal Jelly
 39292 | Slime:5  | Got the Writings on the Scorpion
 39297 | Slime:5  | Identified the +1 whip "Pahaexo" {holy, rElec rF- rC+ rN+}
 39298 | Slime:5  | Identified the +7 battleaxe of Lilem {freeze, rF++ Int+3}
 39334 | Slime:5  | Got a slimy rune of Zot
 39335 | Slime:5  | Identified the +2 long sword of Eternal Vigilance {freeze,
                  | Str+3}
 39417 | Slime:5  | Identified the staff of the Median {rElec Dex+3 Ice Air}
 39434 | Slime:5  | Gained mutation: Armour fits poorly on your strangely
                  | shaped body. [a shining eye]
 39440 | Slime:5  | Gained mutation: You sometimes lose your temper in combat.
                  | [a shining eye]
 39687 | Snake:2  | Bought the ring of Doxt {Will+ rCorr Str+6} for 704 gold
                  | pieces
 39851 | Elf:1    | Entered Level 1 of the Elven Halls
 39857 | Elf:1    | Lost mutation: You occasionally lose the ability to read
                  | scrolls when taking damage. [potion of mutation]
 39857 | Elf:1    | Lost mutation: You are dopey. (Int -2) [potion of mutation]
 39857 | Elf:1    | Lost mutation: Armour fits poorly on your strangely shaped
                  | body. [potion of mutation]
 39857 | Elf:1    | Gained mutation: You occasionally lose the ability to drink
                  | potions when taking damage. [potion of mutation]
 39857 | Elf:1    | Gained mutation: Your system is resistant to poisons.
                  | (rPois) [potion of mutation]
 39858 | Elf:1    | Lost mutation: Your system is resistant to poisons. (rPois)
                  | [potion of mutation]
 39858 | Elf:1    | Lost mutation: You sometimes lose your temper in combat.
                  | [potion of mutation]
 39858 | Elf:1    | Gained mutation: You are vulnerable to heat. (rF-) [potion
                  | of mutation]
 39858 | Elf:1    | Gained mutation: You are strong-willed. (Will+) [potion of
                  | mutation]
 39859 | Elf:1    | Lost mutation: You are strong-willed. (Will+) [potion of
                  | mutation]
 39859 | Elf:1    | Lost mutation: You are vulnerable to heat. (rF-) [potion of
                  | mutation]
 39859 | Elf:1    | Lost mutation: You occasionally lose the ability to drink
                  | potions when taking damage. [potion of mutation]
 39859 | Elf:1    | Lost mutation: You are resistant to electric shocks.
                  | (rElec) [potion of mutation]
 39859 | Elf:1    | Gained mutation: You have hidden genetic potential. [potion
                  | of mutation]
 39859 | Elf:1    | Gained mutation: You occasionally lose the ability to drink
                  | potions when taking damage. [potion of mutation]
 39880 | Elf:1    | Reached skill level 23 in Fighting
 40001 | Elf:1    | Paralysed by an air elemental for 1 turns
 40007 | Elf:1    | Paralysed by an air elemental for 1 turns
 40773 | Elf:2    | Reached skill level 15 in Dodging
 41347 | Slime:5  | Identified the +4 mace "Loppoliu" {holy, Str+2}
 42307 | Elf:2    | Learned a level 4 spell: Manifold Assault
 42339 | Elf:2    | Paralysed by an air elemental for 1 turns
 42500 | Elf:2    | Found a runed translucent gate.
 42501 | Elf:2    | Found a runed translucent gate.
 42501 | Elf:2    | Found a runed translucent gate.
 42737 | Elf:2    | Reached skill level 10 in Translocations
 42925 | Elf:3    | Entered Level 3 of the Elven Halls
 42958 | Elf:3    | Reached XP level 25. HP: 149/154 MP: 33/34
 42989 | Elf:3    | Identified the +4 rapier "Ethadaulu" {heavy, Str+3}
 43664 | Elf:3    | Identified the +7 flail of Sodac {drain, rCorr MP+9 Int-2}
 43669 | Elf:3    | Identified the +1 robe "Foif" {Int+3 SInv Stlth+}
 43672 | Elf:3    | Identified the ring "Gyedadak" {rF+ Int+6}
 43742 | Elf:3    | Found the Hermit's Pendant {Faith Invo=14 Evo=0 MP+5}
 43749 | Elf:3    | Identified the +8 flail "Ifias" {spect, rC+ rCorr}
 43750 | Elf:3    | Identified the +5 demon trident "Grim" {flame, *Slow Int+2
                  | Dex+4}
 43756 | Elf:3    | Got Fompih's Vellum of Imprecation
 43769 | Elf:3    | Paralysed by an air elemental for 1 turns
 43772 | Elf:3    | Identified the ring of the Sturgeon {Str+3 Dex+6}
 43789 | Elf:3    | Identified the amulet of Untruth {+Inv rF+++ Regen+ Str-4
                  | Dex-4}
 44160 | Crypt:1  | Entered Level 1 of the Crypt
 44209 | Crypt:1  | Noticed Vv
 44342 | Crypt:1  | Noticed Boris
 44353 | Crypt:1  | Killed Boris
 44443 | Crypt:1  | Noticed a royal mummy
 44447 | Crypt:1  | Noticed Khufu
 44464 | Crypt:1  | Noticed a royal mummy
 44475 | Crypt:1  | Killed a royal mummy
 44498 | Crypt:1  | Killed Khufu
 44510 | Crypt:1  | Gained mutation: You have large cloven feet. [hidden
                  | potential]
 44529 | Crypt:1  | Killed a royal mummy
 44558 | Crypt:1  | Killed Vv
 44966 | Crypt:2  | Noticed a dread lich
 44980 | Crypt:2  | Killed a dread lich
 45433 | Crypt:2  | Reached XP level 26. HP: 149/160 MP: 37/37
 45466 | Crypt:2  | Noticed Zenata
 45489 | Crypt:2  | Killed Zenata
 45905 | Crypt:3  | Entered Level 3 of the Crypt
 45993 | Crypt:3  | Noticed Boris
 46006 | Crypt:3  | Killed Boris
 46173 | Crypt:3  | Found the +8 Vampire's Tooth {megavamp}
 46248 | Crypt:3  | Found a staircase to the Tomb.
 46622 | Crypt:3  | Found a basalt altar of Yredelemnul.
 46798 | Crypt:3  | Gained mutation: You are strong-willed. (Will+) [hidden
                  | potential]
 46798 | Crypt:3  | Lost mutation: You have hidden genetic potential. [hidden
                  | potential expressed]
 46914 | Crypt:3  | Reached skill level 10 in Spellcasting
 47012 | Crypt:3  | Noticed a dread lich
 47016 | Crypt:3  | Killed a dread lich
 47025 | Crypt:3  | Got Ereshkigal's Spellbook of the Dead
 47047 | Crypt:3  | Identified the ring of Wuehercha {rC+ rCorr Str+4 Dex-5}
 47412 | Depths:3 | Voluntarily entered the Abyss.
 47423 | Depths:3 | Escaped the Abyss
 47425 | Depths:3 | Voluntarily entered the Abyss.
 47718 | Abyss:3  | Found a corrupted altar of Lugonu.
 47766 | Abyss:3  | Found a corrupted altar of Lugonu.
 47776 | Abyss:3  | Found a corrupted altar of Lugonu.
 47888 | Abyss:3  | Found a corrupted altar of Lugonu.
 47896 | Abyss:3  | Found a corrupted altar of Lugonu.
 47924 | Abyss:3  | Paralysed by accursed screaming for 1 turns
 47960 | Abyss:3  | Found a corrupted altar of Lugonu.
 47996 | Abyss:3  | Gained mutation: Your body often deteriorates upon taking
                  | damage. [a cacodemon]
 48109 | Abyss:3  | Reached XP level 27. HP: 165/165 MP: 38/38
 48149 | Abyss:4  | Reached skill level 24 in Fighting
 48188 | Abyss:4  | Found a corrupted altar of Lugonu.
 48546 | Abyss:5  | Found a corrupted altar of Lugonu.
 48567 | Abyss:5  | Paralysed by accursed screaming for 1 turns
 48569 | Abyss:5  | Paralysed by accursed screaming for 2 turns
 48573 | Abyss:5  | Paralysed by accursed screaming for 2 turns
 48576 | Abyss:5  | Paralysed by accursed screaming for 2 turns
 48580 | Depths:3 | Escaped the Abyss
 48627 | Depths:3 | Voluntarily entered the Abyss.
 48638 | Abyss:5  | Got an abyssal rune of Zot
 48641 | Abyss:5  | Paralysed by accursed screaming for 2 turns
 48691 | Abyss:5  | Found a corrupted altar of Lugonu.
 48694 | Abyss:5  | Noticed a dread lich
 48704 | Abyss:5  | Killed a dread lich
 48723 | Abyss:5  | Paralysed by accursed screaming for 1 turns
 48729 | Abyss:5  | Paralysed by accursed screaming for 2 turns
 48732 | Depths:3 | Escaped the Abyss
 48938 | Pan      | Entered Pandemonium
 49207 | Pan      | Found a runed translucent door.
 49325 | Pan      | Found a runed translucent door.
 49336 | Pan      | Found a runed translucent door.
 49339 | Pan      | Found a runed translucent door.
 49846 | Pan      | Noticed Buzer the pandemonium lord
 49944 | Pan      | Identified the +3 leather armour of the Wilderness {Str+4
                  | Int-3}
 49952 | Pan      | Identified the +2 great mace "Dikappol" {distort, rC+}
 49989 | Pan      | Killed Buzer the pandemonium lord
 50383 | Pan      | Gained mutation: You occasionally shout uncontrollably at
                  | your foes. [a neqoxec]
 50542 | Pan      | Noticed Viuczuc the pandemonium lord
 50543 | Pan      | Gained mutation: You are vulnerable to heat. (rF-) [a
                  | cacodemon]
 50568 | Pan      | Killed Viuczuc the pandemonium lord
 51062 | Pan      | Noticed Fimeekeg the pandemonium lord
 51085 | Pan      | Killed Fimeekeg the pandemonium lord
 51968 | Pan      | Noticed Osium the pandemonium lord
 52104 | Pan      | Lost mutation: You have large cloven feet. [potion of
                  | mutation]
 52104 | Pan      | Lost mutation: You are very clumsy. (Dex -4) [potion of
                  | mutation]
 52104 | Pan      | Lost mutation: Your body often deteriorates upon taking
                  | damage. [potion of mutation]
 52104 | Pan      | Gained mutation: You have supernaturally acute eyesight.
                  | (SInv) [potion of mutation]
 52104 | Pan      | Gained mutation: Your mind is acute. (Int +4, Str/Dex -1)
                  | [potion of mutation]
 52104 | Pan      | Gained mutation: Your flesh is cold resistant. (rC+)
                  | [potion of mutation]
 52124 | Pan      | Killed Osium the pandemonium lord
 52131 | Pan      | Lost mutation: You have supernaturally acute eyesight.
                  | (SInv) [potion of mutation]
 52131 | Pan      | Lost mutation: You are clumsy. (Dex -2) [potion of
                  | mutation]
 52131 | Pan      | Lost mutation: You are vulnerable to heat. (rF-) [potion of
                  | mutation]
 52131 | Pan      | Lost mutation: You occasionally shout uncontrollably at
                  | your foes. [potion of mutation]
 53007 | Pan      | Noticed Kieg Una the pandemonium lord
 53027 | Pan      | Killed Kieg Una the pandemonium lord
 53380 | Pan      | Found an exit through the horrors of the Abyss.
 53431 | Pan      | Gained mutation: You occasionally lose the ability to read
                  | scrolls when taking damage. [a cacodemon]
 53583 | Pan      | Noticed Koniun the pandemonium lord
 53633 | Pan      | Killed Koniun the pandemonium lord
 53816 | Pan      | Identified the +1 demon trident of the Feeding Penguin
                  | {venom, Fly Will+ Stlth+}
 54344 | Pan      | Noticed Fuehaat the pandemonium lord
 54357 | Pan      | Killed Fuehaat the pandemonium lord
 54779 | Pan      | Identified the +6 quarterstaff of Nedicustou {spect, rF+}
 55396 | Pan      | Reached skill level 25 in Fighting
 55870 | Pan      | Noticed a seraph
 55888 | Pan      | Killed a seraph
 55895 | Pan      | Found a glowing golden altar of the Shining One.
 55919 | Pan      | Identified the +7 shortbow of Rememipp {freeze, ^Drain
                  | rCorr Int+4}
 55926 | Pan      | Identified the +2 scale mail of Lachrymose Curiosity {Fly
                  | Int+3}
 55927 | Pan      | Identified the ring of Eternity {^Contam rPois rC+++ rN+
                  | Int+6}
 55937 | Pan      | Identified the ring "Takiqag" {Fly Str+5}
 55940 | Pan      | Identified the quicksilver dragon scales "Ylef" {-Tele +Inv
                  | rF+ Will+}
 55942 | Pan      | Got a demonic rune of Zot
 56124 | Pan      | Identified the +3 tower shield of Toory {rN+ Dex+3}
 56125 | Pan      | Found a glowing silver altar of Zin.
 56194 | Pan      | Identified the +2 tower shield of Toogg {Will+ rCorr Int+2}
 57043 | Pan      | Found a white marble altar of Elyvilon.
 57773 | Pan      | Learned a level 2 spell: Lesser Beckoning
 57777 | Pan      | Learned a level 3 spell: Gell's Gravitas
 57782 | Pan      | Learned a level 4 spell: Passage of Golubria
 57789 | Pan      | Learned a level 6 spell: Dispersal
 57794 | Pan      | Learned a level 4 spell: Vhi's Electric Charge
 58044 | Pan      | Identified the +0 orcbow of Tarrae {drain, rF+ rC+ rN+}
 58186 | Pan      | Identified the +5 great sword "Goblinbane" {flame, Int+4
                  | Dex+4 Stlth+}
 58366 | Pan      | Found an exit through the horrors of the Abyss.
 58423 | Pan      | Reached skill level 15 in Translocations
 58696 | Pan      | Noticed Moapeuxzo the pandemonium lord
 58701 | Pan      | Killed from afar by Moapeuxzo the pandemonium lord

Illustrated notes

Levels and vault maps discovered:
D:1:      dpeg_arrival_central, layout_loops_ring
D:2:      layout_basic, basic_altar, serial_shops, shop, uniq_robin,
          uniq_jessica, uniq_terence
D:3:      layout_basic, mainiacjoe_overflow_24_doors,
          hellmonk_ecumenical_altar_heavens_door, gammafunk_ghost_nasty_kobolds,
          serial_shops, nicolae_shop_trees, uniq_crazy_yiuf_cottage
D:4:      layout_rooms, lemuel_crystal_altar, minmay_temple_entry_antechambers,
          st_stairs_8
D:5:      layout_rooms, item_on_display_a
D:6:      layout_cave_pods, lemuel_crystal_altar,
          nicolae_overflow_two_pavilions, nicolae_shop_self_help
D:7:      layout_basic, chequers_serial_rivers_room_b, chequers_garden
D:8:      layout_basic, minmay_door_square, uniq_erica
D:9:      layout_grid_maze, mainiacjoe_overflow_boulevard
D:10:     layout_roguey [special_room_orc], erik_orc_3, uniq_snorg, uniq_maggie
D:11:     layout_cave_pools, erik_lair_dragon, uniq_erolcha
D:12:     layout_small_grid, serial_shops, shop, shop_fountains
D:13:     minmay_curly_fans, layout_basic, minmay_misc_feat_iff, uniq_nessos
D:14:     layout_rooms, hellmonk_vaults_order_and_chaos, bh_walls_and_bars
D:15:     grunt_enter_depths_snipers, layout_stronghold, uniq_jorgrun
Temple:   kb_temple_of_zot
Lair:1:   layout_regular_city, serial_bayou_shore_a, grunt_megastairs_5
Lair:2:   hellmonk_destroyed_diamonds, layout_cave_pods, uniq_harold
Lair:3:   layout_concentric_octagons, elwin_shoals_entry_rocks,
          minmay_snake_entry_guardpost_small, serial_bayou_shore_b,
          grunt_megastairs_1, uniq_josephine
Lair:4:   layout_gridlike, slime_entry_1, amcnicky_mini_pool_medium, uniq_kirke
Lair:5:   grunt_lair_end_beastmaster, layout_cave_pods, serial_bayou_shore_b
Shoals:1: layout_shoals, nicolae_shoals_lost_giant_pillars
Shoals:2: layout_shoals, nicolae_shoals_nautilus_by_nature
Shoals:3: layout_shoals, serial_shops, statue_bzr, shop_fountains, shop, shop,
          shop, uniq_ilsuiw, uniq_roxanne, uniq_polyphemus
Shoals:4: shoals_end_grunt_ice, layout_shoals, portal_ice_cave_entry_pillars_1,
          uniq_bai_suzhen
Snake:1:  layout_rooms
Snake:2:  layout_cave_pods, serial_shops, bzr_entry_water, lemuel_fruit_tree,
          minmay_shoptagon
Snake:3:  gammafunk_the_bubble [the_bubble_gammafunk_crates], layout_onion,
          grunt_megastairs_4, serial_bayou_shore_b, uniq_aizul
Snake:4:  grunt_snake_rune_pools, layout_cave_town,
          nicolae_snake_gridmaze_squiggle
Slime:1:  layout_caves
Slime:2:  layout_caves
Slime:3:  layout_caves, cheibrodos_slime_lost_civilization_6
Slime:4:  layout_caves
Slime:5:  slime_pit_nicolae_inversion
Orc:1:    layout_diamond_mine, elf_legates
Orc:2:    hellmonk_orc_salted, layout_diamond_mine, guppyfry_orc_lava_fort,
          uniq_saint_roka, uniq_donald
Elf:1:    eino_elf_arrival_shootout, layout_onion_city
Elf:2:    nicolae_elf_blades_crystal_corner, layout_loops_corners,
          nicolae_concentric_dashed_squares_mild
Elf:3:    minmay_elf_hall_hex, layout_loops_corners, minivault_26,
          guppyfry_elf_garden
Vaults:1: v_pattern_3, nicolae_vaults_house_1, v_misc_23,
          dpeg_vaults_monster_row, nicolae_vaults_shipping_containers_4,
          nicolae_vaults_layer_cake_slice, ontoclasm_vaults_misaligned,
          layout_vaults_quadrants
Vaults:2: vaults_mumra_lcd, hangedman_vaults_cutoff,
          nicolae_vaults_little_squares_5, grunt_vaults_funnel,
          nicolae_vaults_ninety_degrees, v_misc_17,
          minmay_crypt_entry_nasty_monster, nicolae_vaults_closet_pinwheel_1,
          vaults_room_large_hall, nicolae_vaults_apartment_1,
          hangedman_vaults_nails, layout_vaults_maze_bifur, serial_shops, shop
Vaults:3: nicolae_vaults_network_square, nicolae_vaults_network_periphery,
          nicolae_vaults_more_shelving_2, vaults_dpeg_emergency_exit,
          nicolae_vaults_wrenched, hangedman_vaults_unwind,
          nicolae_vaults_trapezoid_lopsided_2, v_misc_26,
          nicolae_vaults_little_squares_1, nicolae_vaults_oval_intersection,
          nicolae_vaults_tetromino_L_1, layout_vaults_big_cross
Vaults:4: nicolae_vaults_mitosis, nicolae_vaults_hallways_thing,
          ontoclasm_vaults_misaligned, nicolae_vaults_storage_room_glass,
          nicolae_vaults_tetromino_T_1, nicolae_vaults_border_crossing,
          vaults_standard_mumra_enter_the_diamond,
          nicolae_vaults_three_branches, layout_vaults_ring
Vaults:5: serial_shops
Crypt:1:  layout_misc_corridors, uniq_boris, uniq_josephina, uniq_vv, uniq_khufu
Crypt:2:  layout_gridlike, nicolae_crypt_crumbling_hall, grunt_megastairs_3,
          uniq_margery, uniq_zenata
Crypt:3:  due_elkab, layout_chaotic_city, hangedman_blasphemy
Depths:1: layout_honeycomb, minmay_misc_feat_roman, hell_entry,
          minmay_misc_feat_rugged, fedhas_altar_4
Depths:2: minmay_the_grid_octo_2x2 [minmay_the_grid_octo_toaster,
          minmay_the_grid_octo_horde, minmay_the_grid_octo_teeth,
          minmay_the_grid_octo_prize_single_spiral], layout_gridville,
          rand_demon_pan_entry_7, hell_entry, chequers_serial_rivers_micro_b,
          infiniplex_staircase_pool_2
Depths:3: ragdoll_tomb_raider, layout_basic,
          nicolae_abyss_entry_one_way_or_another, nemelex_spade_bored_becter,
          hell_entry, serial_sigils, serial_sigils_hangedman_etch,
          serial_sigils_hangedman_snap, serial_sigils_hangedman_gut,
          serial_sigils_hangedman_quiver, infiniplex_staircase_zigzag_2,
          uniq_mennas
Depths:4: evilmike_zot_entry_basic, layout_cave_shapes, enter_ziggurat_c,
          hell_entry, kennysheep_flooded_box
Pan:      rand_demon_7, layout_small_grid, evilmike_mini_pan_branches,
          layout_cellular_growth, special_room [special_room_demon_pit],
          nicolae_pan_sigil_itan, evilmike_mini_pan_thingy, layout_gridlike,
          evilmike_mini_pan_layers, layout_small_grid, pan_blood_fountain_small,
          evilmike_mini_pan_corridor, layout_pan_divisions_a
          [pan_division_quadrant_a1, pan_division_quadrant_a3,
          pan_division_quadrant_a5, pan_division_quadrant_a3,
          pan_division_octagon_empty], evilmike_mini_pan_thingy,
          layout_small_grid, nicolae_pan_lom_lobonic_2, rand_demon_2,
          layout_irregular_city, nicolae_pan_sigil_uleosi,
          reaverb_pan_figure_eight, evilmike_holy_pan,
          evilmike_mini_pan_pillars, layout_pan_divisions_a
          [pan_division_quadrant_a1, pan_division_quadrant_a5,
          pan_division_quadrant_a2, pan_division_quadrant_a6,
          pan_division_octagon_empty], rand_demon_2, layout_irregular_city,
          reaverb_pan_squares

Skill      XL: |  1  2  3  4  5  6  7  8  9 10 11 12 13 14 15 16 17 18 19 20 21 22 23 24 25 26 27 |
---------------+----------------------------------------------------------------------------------+-----
Fighting       | 3 4 5 6 8 9 10 11 13 14 15 16 17 18 19 20 21 22 23 25 | 25.5
Short Blades   | 2 3 4 |  4.4
Shields        | 3 4 5 6 7 8 9 10 11 12 13 14 15 16 17 19 | 19.9
Armour         | 3 4 5 6 7 8 9 10 11 12 13 14 15 16 18 | 18.8
Dodging        | 1 2 3 4 5 6 7 8 9 10 11 12 13 14 15 16 18 | 18.3
Maces & Flails | 3 4 5 7 9 11 12 13 14 15 16 17 18 19 21 | 21.4
Translocations | 4 7 10 12 13 15 | 15.0
Spellcasting   | 2 5 7 9 10 12 | 12.4

Action                     |  1- 3 |  4- 6 |  7- 9 | 10-12 | 13-15 | 16-18 | 19-21 | 22-24 | 25-27 || total
---------------------------+-------+-------+-------+-------+-------+-------+-------+-------+-------++-------
  Melee: Rapier            |    11 |       |       |       |       |       |       |       |       ||    11
         Short sword       |    79 |   122 |   162 |       |       |       |       |       |       ||   363
         Bite              |    18 |    30 |    93 |   252 |   657 |   941 |  1180 |  1382 |  2173 ||  6726
         Whip              |       |       |   116 |   735 |  1749 |  2031 |  2102 |  1613 |       ||  8346
         Demon whip        |       |       |       |       |       |       |       |   771 |  3743 ||  4514
         Sacred scourge    |       |       |       |       |       |       |       |       |   170 ||   170
   Cast: Blink             |       |       |       |       |       |       |       |     1 |     4 ||     5
         Manifold Assault  |       |       |       |       |       |       |       |       |    37 ||    37
         Gell's Gravitas   |       |       |       |       |       |       |       |       |     4 ||     4
         Lesser Beckoning  |       |       |       |       |       |       |       |       |     3 ||     3
 Invoke: Serpent's Lash    |       |       |       |       |     2 |       |       |       |       ||     2
         Heavenly Storm    |       |       |       |       |     1 |       |     2 |     3 |     2 ||     8
Ability: Lunge             |       |       |       |    46 |   102 |   130 |   116 |   153 |   353 ||   900
         Whirlwind         |       |       |       |   207 |   559 |   487 |   604 |   869 |   825 ||  3551
         Wall Jump         |       |       |       |     5 |    14 |     8 |     9 |    14 |    16 ||    66
         Evoke Blink       |       |       |       |       |       |     1 |       |       |       ||     1
  Evoke: Wand              |       |       |       |       |     2 |       |     1 |       |       ||     3
    Use: Scroll            |       |       |       |    19 |     5 |     8 |     8 |    10 |    13 ||    63
         Potion            |       |       |       |       |     1 |       |     1 |     3 |     5 ||    10
   Stab: Distracted        |       |       |       |     1 |       |       |       |       |     6 ||     7
         Petrified         |       |       |       |    12 |    12 |    14 |       |       |       ||    38
         Petrifying        |       |       |       |       |     4 |     6 |       |       |       ||    10
         Sleeping          |       |       |       |       |       |       |       |       |     2 ||     2
         Confused          |       |       |       |       |       |       |       |       |     1 ||     1
         Paralysed         |       |       |       |       |       |       |       |       |     1 ||     1
 Armour: Scale mail        |    41 |    46 |   111 |   259 |   342 |    76 |       |       |   344 ||  1219
         Chain mail        |       |       |       |       |       |   393 |   354 |   320 |   359 ||  1426
  Dodge: Dodged            |    30 |    50 |   145 |   454 |   690 |   717 |   580 |   273 |   432 ||  3371
  Block: Buckler           |    13 |    25 |    59 |   180 |   361 |       |       |       |       ||   638
         Kite shield       |       |       |       |       |    10 |   777 |   557 |       |       ||  1344
         Tower shield      |       |       |       |       |       |       |   375 |  1271 |  2246 ||  3892
Riposte: Whip              |       |       |       |       |       |   291 |   371 |   306 |       ||   968
         Demon whip        |       |       |       |       |       |       |       |   139 |   768 ||   907
         Sacred scourge    |       |       |       |       |       |       |       |       |    36 ||    36

Table legend: (Time is in decaauts)
 A = Elapsed time spent in this place.
 B = Non-inter-level travel time spent in this place.
 C = Inter-level travel time spent in this place.
 D = Time resting spent in this place.
 E = Time spent auto-exploring this place.
 F = Levels seen in this place.
 G = Mean time per level.
                   A        B        C        D        E       F      G
               +--------+--------+--------+--------+--------+-----+--------+
         Total |  57207 |  51968 |   5239 |    178 |  36736 |  70 |  817.2 |
       Dungeon |  11786 |  10210 |   1576 |     42 |   8229 |  15 |  785.7 |
        Temple |      8 |      8 |      0 |      0 |      0 |   1 |    8.0 |
          Lair |   5381 |   4617 |    764 |      0 |   3574 |   5 | 1076.2 |
        Shoals |   3236 |   3081 |    155 |     27 |   1997 |   4 |  809.0 |
     Snake Pit |   4346 |   3948 |    398 |      0 |   2502 |   4 | 1086.5 |
    Slime Pits |   2433 |   2054 |    379 |      3 |   1215 |   5 |  486.6 |
  Orcish Mines |   1982 |   1669 |    313 |      0 |   1153 |   2 |  991.0 |
   Elven Halls |   3054 |   2729 |    325 |      0 |   2103 |   3 | 1018.0 |
        Vaults |   6418 |   5465 |    953 |      0 |   4050 |   5 | 1283.6 |
         Crypt |   2854 |   2763 |     91 |      0 |   1769 |   3 |  951.3 |
        Depths |   4358 |   4077 |    281 |     52 |   3168 |   4 | 1089.5 |
         Abyss |   1203 |   1203 |      0 |     28 |    315 |   7 |  171.9 |
   Pandemonium |   9257 |   9257 |      0 |     26 |   6295 |  10 |  925.7 |
        Bazaar |    372 |    372 |      0 |      0 |    120 |   1 |  372.0 |
      Ice Cave |    512 |    512 |      0 |      0 |    243 |   1 |  512.0 |
               +--------+--------+--------+--------+--------+-----+--------+

Top non-repeatable levels by time:
Vaults:5: 1787 daAuts
Depths:3: 1564 daAuts
   Orc:2: 1385 daAuts
 Snake:3: 1376 daAuts
Vaults:1: 1376 daAuts
Vaults:3: 1302 daAuts
Depths:2: 1247 daAuts
 Snake:4: 1234 daAuts
    D:11: 1191 daAuts
     D:9: 1190 daAuts
 Crypt:3: 1182 daAuts
 Snake:2: 1179 daAuts
  Lair:5: 1143 daAuts
   Elf:2: 1111 daAuts
  Lair:3: 1105 daAuts
